 Dungeon Sprint DCSS version 0.21.1-1-g345015f (webtiles) character file.

1396 Fang the Cleaver (level 8, -2/57 HPs)
             Began as a Gargoyle Berserker on June 28, 2018.
             Was a High Priest of Trog.
             Slain by a wraith (6 damage)
             ... led by Josephine
             ... in the Dungeon (Sprint VII: "The Pits") on July 8, 2018.
             The game lasted 00:02:32 (928 turns).

Fang the Cleaver (Gargoyle Berserker)                Turns: 928, Time: 00:02:32

Health: -2/57      AC:  7    Str: 23    XL:     8   Next: 68%
Magic:  8/8        EV: 14    Int:  8    God:    Trog [*****.]
Gold:   0          SH:  0    Dex:  9    Spells: 7/7 levels left

rFire    . . .     SeeInvis .   n - +2 hand axe (freeze)
rCold    . . .     Gourm    .   (no shield)
rNeg     + . .     Faith    .   b - +0 animal skin
rPois    ∞         Spirit   .   (no helmet)
rElec    +         Reflect  .   (no cloak)
rCorr    .         Harm     .   (no gloves)
MR       .....     NoTele   +   (no boots)
Stlth    ++........             (no amulet)
HPRegen  0.19/turn              (no ring)
MPRegen  0.11/turn              (no ring)

@: berserk cooldown, slowed, very slow
A: negative energy resistance 1, electricity resistance, unbreathing,
petrification resistance, rot immunity, AC +5
a: Berserk, Trog's Hand, Brothers in Arms, Burn Spellbooks, Renounce Religion


You were in the Dungeon.
You worshipped Trog.
Trog was extremely pleased with you.
You were very hungry.

You visited 1 branch

Inventory:

Hand Weapons
 j - a +2 hand axe
 n - a +2 hand axe of freezing (weapon)
Armour
 b - a +0 animal skin (worn)
Scrolls
 i - a scroll of blinking
 k - 3 scrolls of remove curse
 l - a scroll of summoning
Potions
 a - 2 potions of invisibility
 d - 6 potions of curing
 e - 5 potions of heal wounds
 f - a potion of haste
 g - 4 potions of magic
 h - 3 potions of berserk rage
Comestibles
 c - 8 rations
 m - a chunk of flesh


   Skills:
 + Level 10.1 Fighting
 + Level 13.1 Axes
 + Level 3.6 Armour
 + Level 6.2 Dodging
 + Level 3.4 Stealth


You had 7 spell levels left.
You didn't know any spells.

Dungeon Overview and Level Annotations

Branches:
Dungeon (1/1)

Altars:
Cheibriados
Dithmenos
Elyvilon
Fedhas
Gozag
Hepliaklqana
Makhleb
Nemelex Xobeh
Okawaru
Qazlal
Ru
Sif Muna
Trog
Vehumet
Wu Jian
Xom
Yredelemnul
Zin
The Shining One
Beogh
Jiyva
Lugonu


Innate Abilities, Weirdness & Mutations

You are resistant to torment.
Your stone body is resilient. (AC +5)
You are immune to poison.
You resist negative energy. (rN+)
You are resistant to electric shocks. (rElec)
You can survive without breathing.
You are immune to petrification.
You are immune to rotting.


Message History

The orc wizard blinks!
You hit the wraith but do no damage.
The wraith is severely damaged.
You closely miss the wraith. The wraith closely misses you.
Unknown command.
You closely miss the wraith.
The wraith is severely damaged.
You slash the wraith! You hit the gargoyle but do no damage.
You are no longer berserk.
You are exhausted.
You feel as though you will be slow longer.
The wraith hits you!
* * * LOW HITPOINT WARNING * * *
The wraith drains your vigour!
You feel as though you will be slow longer.
You closely miss the gargoyle. You hit the wraith but do no damage. x2
The wraith barely misses you. The gargoyle hits you with a mace!
* * * LOW HITPOINT WARNING * * *
The wraith hits you.
You die...

#.##'#).#'###...<...#
#.#........##.......#
#.#........##.......#
#)###########.......#
#)......#..##########
#.)###..#.# ###
#.......#)# ...#
##.###.##W#W...#
#.....§.#@9Wo..+
#..###§§#W#o...#
#.......'.# ...#
########### ###


You could see 4 wraiths, a gargoyle, an orc priest and an orc.

Vanquished Creatures
  Josephine (D)
  A wraith (D)
  A hungry ghost (D)
  A swamp drake (D)
  An ice beast (D)
  A quasit (D)
  A gnoll shaman (D)
  An orc wizard (D)
  An orc priest (D)
  A worker ant (D)
  A mummy (D)
  4 gnolls (D)
  An ooze (D)
  An adder skeleton (D)
  A leopard gecko (D)
  3 orcs (D)
  A goblin (D)
  A hobgoblin (D)
  2 quokkas (D)
  2 ball pythons (D)
  A bat (D)
  A frilled lizard (D)
  A jackal skeleton (D)
30 creatures vanquished.

Notes
Turn   | Place    | Note
-------+----------+-------------------------------------------
     0 | D        | Fang the Gargoyle Berserker began the quest for the Orb.
     0 | D        | Reached XP level 1. HP: 14/14 MP: 1/1
    13 | D        | Reached skill level 3 in Axes
    20 | D        | Found a bloodstained altar of Trog.
    20 | D        | Found a deep blue altar of Sif Muna.
    20 | D        | Found a viscous altar of Jiyva.
    20 | D        | Found a hazy altar of Hepliaklqana.
    20 | D        | Found an opulent altar of Gozag.
    21 | D        | Found a glowing golden altar of the Shining One.
    21 | D        | Found a glowing silver altar of Zin.
    21 | D        | Found a basalt altar of Yredelemnul.
    21 | D        | Found a shimmering altar of Xom.
    21 | D        | Found an ornate altar of the Wu Jian Council.
    21 | D        | Found a sacrificial altar of Ru.
    21 | D        | Found a stormy altar of Qazlal.
    21 | D        | Found an iron altar of Okawaru.
    21 | D        | Found a sparkling altar of Nemelex Xobeh.
    21 | D        | Found a burning altar of Makhleb.
    21 | D        | Found a blossoming altar of Fedhas.
    21 | D        | Found a white marble altar of Elyvilon.
    21 | D        | Found a shadowy altar of Dithmenos.
    21 | D        | Found a snail-covered altar of Cheibriados.
    23 | D        | Found a radiant altar of Vehumet.
    23 | D        | Found a corrupted altar of Lugonu.
    23 | D        | Found a roughly hewn altar of Beogh.
    66 | D        | Reached ** piety under Trog
   147 | D        | Reached XP level 2. HP: 19/20 MP: 2/2
   236 | D        | Reached *** piety under Trog
   238 | D        | Reached skill level 5 in Fighting
   238 | D        | Reached skill level 4 in Axes
   238 | D        | Reached XP level 3. HP: 26/26 MP: 3/3
   349 | D        | Reached **** piety under Trog
   349 | D        | Reached skill level 5 in Axes
   353 | D        | Reached XP level 4. HP: 32/32 MP: 4/4
   354 | D        | Reached skill level 6 in Axes
   358 | D        | Reached ***** piety under Trog
   361 | D        | Received a gift from Trog
   371 | D        | Reached XP level 5. HP: 26/37 MP: 5/5
   608 | D        | Noticed a hungry ghost
   615 | D        | Killed a hungry ghost
   615 | D        | Reached skill level 8 in Axes
   615 | D        | Reached XP level 6. HP: 44/44 MP: 6/6
   757 | D        | Noticed a swamp drake
   763 | D        | Killed a swamp drake
   763 | D        | Reached skill level 9 in Axes
   763 | D        | Reached skill level 1 in Stealth
   806 | D        | Noticed an ice beast
   809 | D        | Received a gift from Trog
   809 | D        | Reached skill level 10 in Axes
   814 | D        | Reached XP level 7. HP: 50/50 MP: 7/7
   909 | D        | Noticed Josephine
   909 | D        | Noticed a wraith
   909 | D        | Noticed a wraith
   909 | D        | Noticed a wraith
   909 | D        | Noticed a wraith
   909 | D        | Noticed a wraith
   909 | D        | Noticed a gargoyle
   915 | D        | Killed a wraith
   915 | D        | Reached skill level 11 in Axes
   915 | D        | Reached skill level 5 in Dodging
   921 | D        | Killed Josephine
   921 | D        | Received a gift from Trog
   921 | D        | Reached skill level 10 in Fighting
   921 | D        | Reached skill level 13 in Axes
   921 | D        | Reached XP level 8. HP: 57/57 MP: 8/8
   928 | D        | Slain by a wraith

Skill      XL: |  1  2  3  4  5  6  7 |
---------------+----------------------+-----
Axes           | 3 4 5 6 8 10 13 | 13.1
Fighting       | 4 5 6 7 8 10 | 10.1
Dodging        | 2 3 4 6 |  6.2
Armour         | 3 |  3.6
Stealth        | 1 3 |  3.4

Action                   |  1- 3 |  4- 6 |  7- 9 || total
-------------------------+-------+-------+-------++-------
Melee: Hand axe          |    24 |    33 |    26 ||    83
Invok: Berserk           |     2 |     3 |     1 ||     6
  Use: Potion            |       |     1 |       ||     1
  Eat: Chunk             |       |     1 |     1 ||     2
       Ration            |       |     1 |       ||     1
Armor: Animal skin       |    12 |     6 |     4 ||    22
Dodge: Dodged            |    11 |    20 |     8 ||    39
